 Dungeon Crawl Stone Soup version 0.31.0 (webtiles) character file.

Game seed: 6656336213402681744

58 qw the Shooter (level 4, -9/27 HPs)
             Began as a Gargoyle Hunter on Jan 19, 2024.
             Killed from afar by Sigmund (14 damage)
             ... with a puff of flame
             ... on level 3 of the Dungeon.
             The game lasted 00:00:05 (1363 turns).

qw the Shooter (Gargoyle Hunter)                    Turns: 1363, Time: 00:00:06

Health: -9/27      AC: 13    Str: 15    XL:     4   Next: 1%
Magic:  4/4        EV: 11    Int:  9    God:
Gold:   100        SH:  0    Dex: 15    Spells: 3/3 levels left

rFire   . . .        a - +0 shortbow
rCold   . . .        (shield currently unavailable)
rNeg    + . .        f - +3 ring mail
rPois   inf          (no helmet)
rElec   +            (no cloak)
rCorr   .            j - +0 pair of gloves
SInv    .            k - +0 pair of boots
Will    .....        (no amulet)
Stlth   +            (no ring)
HPRegen 0.24/turn    (no ring)
MPRegen 0.09/turn

%: no passive effects
@: about to teleport
A: sickness immunity, AC +3, negative energy resistance 1, electricity
resistance, torment resistance 1, petrification resistance
a: no special abilities


You were on level 3 of the Dungeon.
You visited 1 branch of the dungeon, and saw 3 of its levels.

You collected 100 gold pieces.


Innate Abilities, Weirdness & Mutations

You are immune to sickness and miasma.
Your stone body is resilient. (AC +3)
You are immune to poison.
You resist negative energy. (rN+)
You are resistant to electric shocks. (rElec)
You are resistant to unholy torment.
You are immune to petrification.


   Skills:
 + Level 2.7 Fighting
 - Level 5.1 Ranged Weapons
 - Level 1.0 Armour
 - Level 1.5 Dodging
 - Level 1.1 Stealth


You had 3 spell levels left.
You didn't know any spells.
Your spell library was empty.

Inventory:

Hand Weapons
 a - a +0 shortbow (weapon)
Armour
 f - a +3 ring mail (worn)
 j - a +0 pair of gloves (worn)
 k - a +0 pair of boots (worn)
Jewellery
 b - the ring "Foeziol" {Ice Int+2}
   (You found it on level 2 of the Dungeon)

   [ring of ice]

   Ice:       It enhances your ice magic.
   Int+2:     It affects your intelligence (+2).
   rF-:       It makes you vulnerable to fire.
   rC+:       It protects you from cold.
Scrolls
 h - a scroll of teleportation
 i - a scroll of identify
Potions
 e - a potion of might

Dungeon Overview and Level Annotations

Branches:
Dungeon (3/15)

Altars:

Annotations:
D:2 1 runed translucent door, Crazy Yiuf
D:3 Natasha, Sigmund


Message History

Sigmund flickers and vanishes!
Deactivating autopickup; reactivate with Ctrl-A.
Something hits you but does no damage.
You shoot an arrow.
You hear an angry hiss.
Natasha, Servant of Life and Death comes into view.
You shoot an arrow. The arrow closely misses Natasha.
You hear some strange, mumbled words.
A puff of flame appears from out of thin air!
The puff of flame hits you but does no damage.
Natasha casts a spell.
You hear some strange, mumbled words.
Something tries to affect you, but you resist.
You shoot an arrow.
The arrow barely misses the cerulean imp.
The arrow hits Natasha but does no damage.
Natasha howls an incantation.
You feel disoriented.
A magic dart appears from out of thin air!
The magic dart hits you. The cerulean imp completely misses you.
You shoot an arrow.
The arrow barely misses the cerulean imp.
The arrow hits Natasha but does no damage.
Something hits you.
The cerulean imp hits you but does no damage.
You shoot an arrow. The arrow hits the cerulean imp.
The cerulean imp is moderately wounded.
The cerulean imp hits you but does no damage.
You hear some strange, mumbled words.
A puff of flame appears from out of thin air!
The puff of flame hits you!
1363 ||| READING 2 scrolls of teleportation.
As you read the scroll of teleportation, it crumbles to dust.
You feel strangely unstable.
The cerulean imp hits you but does no damage.
You hear some strange, mumbled words.
A puff of flame appears from out of thin air!
The puff of flame hits you!
Ouch! That really hurt!
You die...

# ### ##.
... .h#
#.#
#5###{#
#...# #@#
#.#
#######.##
+........#
##.......#
#####...#
##.## #.#
#.#


You could see Natasha and a cerulean imp (summoned).

Vanquished Creatures
  An adder (D:2)
  2 dart slugs
  4 endoplasms
  3 goblins
  7 hobgoblins
  4 jackals
  4 kobolds
  A quokka (D:1)
  3 ball pythons
  6 bats
  5 frilled lizards
40 creatures vanquished.

Notes
Turn   | Place    | Note
-------+----------+-------------------------------------------
     0 | D:1      | qw the Gargoyle Hunter began the quest for the Orb.
     0 | D:1      | Reached XP level 1. HP: 12/12 MP: 1/1
     0 | D:1      | 0 ||| qw: Version: 0.3-a-132-g3d54051
     0 | D:1      | 0 ||| qw: Game counter: 248
     0 | D:1      | 0 ||| qw: Melee chars always use a shield: true
     0 | D:1      | 0 ||| qw: God list: Okawaru
     0 | D:1      | 0 ||| qw: Allow faded altars: false
     0 | D:1      | 0 ||| qw: Do Orc after clearing Dungeon:15 true
     0 | D:1      | 0 ||| qw: Do second Lair branch before Depths: true
     0 | D:1      | 0 ||| qw: Lair rune preference: random
     0 | D:1      | 0 ||| qw: Goals: Normal
     0 | D:1      | 0 ||| PLANNING D:1-11
   186 | D:1      | Reached XP level 2. HP: 17/17 MP: 2/2
   487 | D:1      | Reached XP level 3. HP: 21/21 MP: 3/3
   700 | D:1      | 700 ||| UPGRADING to +3 ring mail.
   710 | D:1      | 710 ||| DROPPING +0 leather armour.
   711 | D:1      | 711 ||| UPGRADING to +0 pair of boots.
   716 | D:1      | 716 ||| READING 3 scrolls labelled VEHOIXZ USENI.
   716 | D:1      | 716 ||| IDENTIFYING purple potion
   717 | D:1      | 717 ||| READING 2 scrolls of identify.
   717 | D:1      | 717 ||| IDENTIFYING scroll labelled DEILYO BULUU
   718 | D:1      | 718 ||| READING scroll of identify.
   718 | D:1      | 718 ||| IDENTIFYING scroll labelled MUFESTR DUEN
   719 | D:1      | 719 ||| READING scroll labelled XOYNGA CEIMPEM.
   720 | D:1      | 720 ||| READING scroll labelled UMA KUAGIUMA.
   721 | D:1      | 721 ||| DROPPING scroll of butterflies.
   722 | D:1      | 722 ||| DROPPING scroll of vulnerability.
   731 | D:2      | 731 ||| STAIRDANCE
   738 | D:2      | 738 ||| STAIRDANCE
   747 | D:2      | Found a faded altar of an unknown god.
   796 | D:2      | Reached skill level 1 in Armour
   830 | D:2      | Reached skill level 5 in Ranged Weapons
   839 | D:2      | Identified the ring "Foeziol" {Ice Int+2}
  1205 | D:2      | Found a runed translucent door.
  1206 | D:2      | Noticed Crazy Yiuf
  1281 | D:2      | 1281 ||| UPGRADING to +0 pair of gloves.
  1286 | D:2      | 1286 ||| READING 4 scrolls of identify.
  1286 | D:2      | 1286 ||| IDENTIFYING smoky dark potion
  1287 | D:2      | 1287 ||| READING 3 scrolls of identify.
  1287 | D:2      | 1287 ||| IDENTIFYING bubbling puce potion
  1288 | D:2      | 1288 ||| READING 2 scrolls of identify.
  1288 | D:2      | 1288 ||| IDENTIFYING scroll labelled RYUQ HOLOPLEHOE
  1289 | D:2      | 1289 ||| DROPPING potion of lignification.
  1290 | D:2      | 1290 ||| DROPPING scroll of immolation.
  1291 | D:2      | 1291 ||| DROPPING potion of attraction.
  1323 | D:3      | Reached XP level 4. HP: 27/27 MP: 4/4
  1352 | D:3      | Noticed Sigmund
  1358 | D:3      | Noticed Natasha
  1362 | D:3      | HP: 5/27 [something/puff of flame (11)]
  1363 | D:3      | 1363 ||| READING 2 scrolls of teleportation.
  1363 | D:3      | Killed from afar by Sigmund

Levels and vault maps discovered:
D:1:      amcnicky_arrival_wind_blow, layout_basic
D:2:      layout_rooms, hellmonk_ecumenical_altar_lost_god,
          uniq_crazy_yiuf_cottage
D:3:      layout_loops_ring, yredelemnul_forgotten_temple_becter, zin_academy,
          uniq_sigmund, uniq_natasha

Skill      XL: |  1  2  3 |
---------------+----------+-----
Armour         | 1 |  1.0
Ranged Weapons | 5 |  5.1
Fighting       | |  2.7
Dodging        | |  1.5
Stealth        | |  1.1

Action                     |  1- 3 |  4- 6 || total
---------------------------+-------+-------++-------
   Fire: Shortbow          |   138 |    10 ||   148
    Use: Scroll            |     8 |     1 ||     9
 Armour: Leather armour    |    17 |       ||    17
         Ring mail         |    23 |     9 ||    32
  Dodge: Dodged            |    48 |     2 ||    50

Table legend:
 A = Non-vault XP
 B = Vault XP
 C = Vault XP percentage of total XP
 D = Non-vault monster count
 E = Vault monster count
 F = Vault count percentage of total count
                 A         B        C        D         E       F
            +---------+---------+-------+---------+---------+-------
      Total |      83 |       0 |   0.0 |      40 |       0 |   0.0
            +---------+---------+-------+---------+---------+-------
        D:1 |      40 |       0 |   0.0 |      23 |       0 |   0.0
        D:2 |      41 |       0 |   0.0 |      16 |       0 |   0.0
        D:3 |       2 |       0 |   0.0 |       1 |       0 |   0.0
            +---------+---------+-------+---------+---------+-------
